HSSL
ROCKY POINT HS EAGLES @ BISHOP VEROT HS
05/18/2026
 
TOP OF THE 1ST
Rocky Point HS Eagles batting - Pitching for Bishop Verot HS : RHP Pete O'Connor
Pitching: RHP Pete O'Connor
Batting: RHB Pedro Cháves 0-0: Bunted foul
0-1: Ball
1-1: Ball
2-1: Ball
3-1: Foul Ball, location: 2F
3-2: Ground out 5-3 (Groundball, 5S)
Batting: RHB Jim Sharry 0-0: Swinging Strike
0-1: Ball
1-1: Ground out 6-3 (Groundball, 6M)
Batting: RHB Joe Lewis 0-0: Called Strike
0-1: Called Strike
0-2: Ball
1-2: Ball
2-2: Strikes out looking
Top of the 1st over - 0 run(s), 0 hit(s), 0 error(s), 0 left on base; Rocky Point HS 0 - Bishop Verot HS 0
BOTTOM OF THE 1ST
Bishop Verot HS batting - Pitching for Rocky Point HS Eagles : RHP Tracy Key
Pitching: RHP Tracy Key
Batting: LHB Jim Hall 0-0: Called Strike
0-1: Called Strike
0-2: Strikes out swinging
Batting: RHB Chris Seals 0-0: Swinging Strike
0-1: Swinging Strike
0-2: Strikes out looking
Batting: LHB Mitch Morales 0-0: Ball
1-0: Called Strike
1-1: Ground out 6-3 (Groundball, 6)
Bottom of the 1st over - 0 run(s), 0 hit(s), 0 error(s), 0 left on base; Rocky Point HS 0 - Bishop Verot HS 0
TOP OF THE 2ND
Rocky Point HS Eagles batting - Pitching for Bishop Verot HS : RHP Pete O'Connor
Batting: SHB Andrés Coronado 0-0: Ball
1-0: Ball
2-0: Ball
3-0: Called Strike
3-1: Fly out, F8 (Flyball, 89M)
Batting: LHB Gus Price 0-0: Ball
1-0: Called Strike
1-1: Swinging Strike
1-2: Ball
2-2: Ball
3-2: Base on Balls
Batting: RHB Fernando Pagán 0-0: Ball
1-0: Called Strike
Gus Price is caught stealing 2nd base
1-1: Fly out, F8 (Flyball, 8RD)
Top of the 2nd over - 0 run(s), 0 hit(s), 0 error(s), 0 left on base; Rocky Point HS 0 - Bishop Verot HS 0
BOTTOM OF THE 2ND
Bishop Verot HS batting - Pitching for Rocky Point HS Eagles : RHP Tracy Key
Batting: RHB Bob Fitzgerald 0-0: Called Strike
0-1: Reached on error, E5 (Groundball, 56S)
Batting: LHB Pedro Padilla 0-0: Called Strike
0-1: Ground out 4-3 (Groundball, 4M)
Bob Fitzgerald to second
Batting: RHB Bill Ford 0-0: Ball
1-0: Called Strike
1-1: Ball
2-1: Called Strike
2-2: Ball
3-2: Base on Balls
Batting: RHB Carlos Sánchez 0-0: Foul Ball, location: 2F
0-1: Swinging Strike
0-2: Strikes out swinging
Batting: RHB George Lutz 0-0: Swinging Strike
0-1: SINGLE (Groundball, 56S)
Bob Fitzgerald to third
Bill Ford to second
Runner from 3rd tries for Home, SAFE, no throw or cutoff
Batting: RHB Carson Allen 0-0: Foul Ball, location: 2F
0-1: DOUBLE (Flyball, 78M)
Bill Ford scores
George Lutz to third
Runner from 3rd tries for Home, SAFE, no throw or cutoff
Batting: LHB Jim Hall 0-0: SINGLE (Groundball, 34)
Carson Allen to third
Runner from 3rd tries for Home, SAFE, no throw or cutoff
Batting: RHB Chris Seals 0-0: Foul Ball, location: 2F
0-1: Foul Ball, location: 2F
0-2: Ball
1-2: Strikes out looking
Bottom of the 2nd over - 4 run(s), 3 hit(s), 1 error(s), 1 left on base; Rocky Point HS 0 - Bishop Verot HS 4
TOP OF THE 3RD
Rocky Point HS Eagles batting - Pitching for Bishop Verot HS : RHP Pete O'Connor
Batting: RHB John Lindsey 0-0: Called Strike
0-1: Ball
1-1: Ball
2-1: Ball
3-1: SINGLE (Groundball, 56D)
Batting: RHB Dave Burkholder 0-0: Ball
1-0: Ball
2-0: SINGLE (Groundball, 6M)
John Lindsey to second
Batting: RHB Ramón Garza 0-0: Ball
1-0: Called Strike
1-1: Called Strike
1-2: Ball
2-2: Ground out 4-3 (Groundball, 4M)
John Lindsey to third
Dave Burkholder to second
Batting: RHB Pedro Cháves 0-0: Called Strike
0-1: Foul Ball, location: 2F
0-2: Strikes out swinging
Batting: RHB Jim Sharry 0-0: Swinging Strike
0-1: Swinging Strike
0-2: Strikes out swinging
Top of the 3rd over - 0 run(s), 2 hit(s), 0 error(s), 2 left on base; Rocky Point HS 0 - Bishop Verot HS 4
BOTTOM OF THE 3RD
Bishop Verot HS batting - Pitching for Rocky Point HS Eagles : RHP Tracy Key
Batting: LHB Mitch Morales 0-0: Ball
1-0: Ball
2-0: Ball
3-0: Base on Balls
Batting: RHB Bob Fitzgerald 0-0: Swinging Strike
0-1: Grounds into double play, U4-3 (Groundball, 4)
Batting: LHB Pedro Padilla 0-0: Ball
1-0: Swinging Strike
1-1: Swinging Strike
1-2: Foul Ball, location: 2F
1-2: Foul Ball, location: 2F
1-2: Strikes out looking
Bottom of the 3rd over - 0 run(s), 0 hit(s), 0 error(s), 0 left on base; Rocky Point HS 0 - Bishop Verot HS 4
TOP OF THE 4TH
Rocky Point HS Eagles batting - Pitching for Bishop Verot HS : RHP Pete O'Connor
Batting: RHB Joe Lewis 0-0: Foul Ball, location: 2F
0-1: Called Strike
0-2: Ball
1-2: Foul Ball, location: 2F
1-2: Strikes out swinging
Batting: SHB Andrés Coronado 0-0: Ball
1-0: Fly out, F8 (Flyball, 8LXD)
Batting: LHB Gus Price 0-0: Ball
1-0: Ball
2-0: Called Strike
2-1: SINGLE (Popup, 56D)
Batting: RHB Fernando Pagán 0-0: Ball
1-0: Fly out, F8 (Flyball, 8RM)
Top of the 4th over - 0 run(s), 1 hit(s), 0 error(s), 1 left on base; Rocky Point HS 0 - Bishop Verot HS 4
BOTTOM OF THE 4TH
Bishop Verot HS batting - Pitching for Rocky Point HS Eagles : RHP Tracy Key
Batting: RHB Bill Ford 0-0: Called Strike
0-1: Ball
1-1: Swinging Strike
1-2: Fly out, F8 (Line Drive, 8RS)
Batting: RHB Carlos Sánchez 0-0: SINGLE (Line Drive, 9LS)
Batting: RHB George Lutz 0-0: Ball
1-0: Ball
2-0: Ball
3-0: Called Strike
3-1: Swinging Strike
3-2: Fly out, F8 (Flyball, 8RS)
Batting: RHB Carson Allen 0-0: Ball
1-0: Called Strike
1-1: Ball
2-1: Swinging Strike
2-2: Foul Ball, location: 2F
2-2: Ball
Carlos Sánchez steals 2nd base
3-2: Foul Ball, location: 2F
3-2: Base on Balls
Batting: LHB Jim Hall 0-0: Foul Ball, location: 2F
0-1: Swinging Strike
0-2: Foul Ball, location: 2F
0-2: Foul Ball, location: 2F
0-2: Ball
1-2: Ball
2-2: Strikes out swinging
Bottom of the 4th over - 0 run(s), 1 hit(s), 0 error(s), 2 left on base; Rocky Point HS 0 - Bishop Verot HS 4
TOP OF THE 5TH
Rocky Point HS Eagles batting - Pitching for Bishop Verot HS : RHP Pete O'Connor
Batting: RHB John Lindsey 0-0: Called Strike
0-1: Called Strike
0-2: Strikes out swinging
Batting: RHB Dave Burkholder 0-0: Ball
1-0: Ball
2-0: Ball
3-0: Base on Balls
Batting: RHB Ramón Garza 0-0: Swinging Strike
0-1: Called Strike
0-2: Strikes out swinging
Batting: RHB Pedro Cháves 0-0: Called Strike
0-1: Reached on error, E5 (Groundball, 5L)
Dave Burkholder to third
Batting: RHB Jim Sharry 0-0: Called Strike
0-1: Ball
1-1: Ball
2-1: SINGLE (Line Drive, 9S)
Dave Burkholder scores
Pedro Cháves to third
Runner from 3rd tries for Home, SAFE, no throw or cutoff
Batting: RHB Joe Lewis 0-0: Ball
1-0: Foul Ball, location: 2F
1-1: DOUBLE (Line Drive, 9LS)
Jim Sharry to third
Runner from 3rd tries for Home, SAFE, no throw or cutoff
Batting: SHB Andrés Coronado 0-0: Ball
1-0: 2-RUN HOME RUN (Flyball, 9D), Distance : 378 ft
Batting: LHB Gus Price 0-0: Called Strike
0-1: Fly out, F3 (Popup, 3F)
Top of the 5th over - 5 run(s), 3 hit(s), 1 error(s), 0 left on base; Rocky Point HS 5 - Bishop Verot HS 4
BOTTOM OF THE 5TH
Bishop Verot HS batting - Pitching for Rocky Point HS Eagles : RHP Tracy Key
Batting: RHB Chris Seals 0-0: Foul Ball, location: 2F
0-1: DOUBLE (Flyball, 9D)
Batting: LHB Mitch Morales 0-0: Ball
1-0: Ball
2-0: DOUBLE (Line Drive, 7LM)
Chris Seals scores
Batting: RHB Bob Fitzgerald 0-0: Called Strike
0-1: Ball
1-1: Fly out, F7 (Flyball, 7M)
Batting: LHB Pedro Padilla 0-0: DOUBLE (Line Drive, 89M)
Mitch Morales scores
Batting: RHB Bill Ford 0-0: Ball
1-0: Called Strike
1-1: Ball
2-1: Swinging Strike
2-2: Ball
3-2: Reached on Error, E9 (Line Drive, 9M)
Pedro Padilla scores
Pitching: LHP Keith Burns
Batting: RHB Carlos Sánchez 0-0: Called Strike
0-1: Called Strike
0-2: Strikes out swinging
Batting: RHB George Lutz 0-0: Called Strike
0-1: Foul Ball, location: 2F
0-2: Ball
1-2: Foul Ball, location: 2F
1-2: Ground out 5-3 (Groundball, 56)
Bottom of the 5th over - 3 run(s), 3 hit(s), 1 error(s), 1 left on base; Rocky Point HS 5 - Bishop Verot HS 7
TOP OF THE 6TH
Rocky Point HS Eagles batting - Pitching for Bishop Verot HS : RHP Pete O'Connor
Pitching: RHP Joe Watson
Batting: RHB Fernando Pagán 0-0: Called Strike
0-1: Ball
1-1: Foul Ball, location: 2F
1-2: Hit by Pitch
Batting: RHB John Lindsey 0-0: Ball
1-0: Ball
2-0: Called Strike
2-1: Ball
3-1: Base on Balls
Fernando Pagán to second
Batting: RHB Dave Burkholder 0-0: Ball
1-0: Called Strike
1-1: Ball
2-1: Ball
3-1: Called Strike
3-2: Base on Balls
Fernando Pagán to third
John Lindsey to second
Batting: RHB Ramón Garza 0-0: SINGLE (Popup, 9S)
Fernando Pagán scores
John Lindsey to third
Dave Burkholder to second
Runner from 3rd tries for Home, SAFE, throw made home
Batting: RHB Pedro Cháves 0-0: Called Strike
0-1: Ball
1-1: Grounds into double play, 1-6-3 (Groundball, 13)
Dave Burkholder to third
Batting: RHB Jim Sharry 0-0: Called Strike
0-1: Ball
1-1: Called Strike
1-2: Strikes out looking
Top of the 6th over - 2 run(s), 1 hit(s), 0 error(s), 1 left on base; Rocky Point HS 7 - Bishop Verot HS 7
BOTTOM OF THE 6TH
Bishop Verot HS batting - Pitching for Rocky Point HS Eagles : LHP Keith Burns
Batting: RHB Carson Allen 0-0: Ball
1-0: Called Strike
1-1: Called Strike
1-2: Ball
2-2: Ball
3-2: Strikes out swinging
Batting: LHB Jim Hall 0-0: Swinging Strike
0-1: Ball
1-1: Ball
2-1: Ball
3-1: Ground out 3-1 (Groundball, 34S)
Batting: RHB Chris Seals 0-0: Ball
1-0: Ball
2-0: Swinging Strike
2-1: Foul Ball, location: 2F
2-2: Ball
3-2: Foul Ball, location: 2F
3-2: Base on Balls
Batting: LHB Mitch Morales 0-0: Ball
1-0: Fly out, F5 (Popup, 5S)
Bottom of the 6th over - 0 run(s), 0 hit(s), 0 error(s), 1 left on base; Rocky Point HS 7 - Bishop Verot HS 7
TOP OF THE 7TH
Rocky Point HS Eagles batting - Pitching for Bishop Verot HS : RHP Joe Watson
Batting: RHB Joe Lewis 0-0: Called Strike
0-1: Ball
1-1: Ball
2-1: Called Strike
2-2: SOLO HOME RUN (Flyball, 7D), Distance : 365 ft
Pitching: LHP Tommy Henderson
Batting: SHB Andrés Coronado 0-0: Ball
1-0: Called Strike
1-1: Swinging Strike
1-2: Foul Ball, location: 2F
1-2: Ball
2-2: Ball
3-2: Strikes out swinging
Batting: LHB Gus Price 0-0: Called Strike
0-1: Foul Ball, location: 2F
0-2: Ball
1-2: Ball
2-2: Foul Ball, location: 2F
2-2: Foul Ball, location: 2F
2-2: Strikes out swinging
Batting: RHB Fernando Pagán 0-0: Called Strike
0-1: Ball
1-1: Called Strike
1-2: Ball
2-2: Ball
3-2: Foul Ball, location: 2F
3-2: Base on Balls
Pinch Hitting: RHB Andrew Pinto 0-0: Ball
1-0: Foul Ball, location: 2F
1-1: Foul Ball, location: 2F
1-2: Strikes out swinging
Top of the 7th over - 1 run(s), 1 hit(s), 0 error(s), 1 left on base; Rocky Point HS 8 - Bishop Verot HS 7
BOTTOM OF THE 7TH
Bishop Verot HS batting - Pitching for Rocky Point HS Eagles : LHP Keith Burns
Now at SS: Andrew Pinto
Batting: RHB Bob Fitzgerald 0-0: Ball
1-0: Fly out, F7 (Line Drive, 7M)
Batting: LHB Pedro Padilla 0-0: Called Strike
0-1: Ball
1-1: Swinging Strike
1-2: Ball
2-2: Strikes out swinging
Batting: RHB Bill Ford 0-0: Ball
1-0: Ball
2-0: Swinging Strike
2-1: Swinging Strike
2-2: Strikes out swinging
Bottom of the 7th over - 0 run(s), 0 hit(s), 0 error(s), 0 left on base; Rocky Point HS 8 - Bishop Verot HS 7
TOP OF THE 8TH
Rocky Point HS Eagles batting - Pitching for Bishop Verot HS : LHP Tommy Henderson
Batting: RHB Dave Burkholder 0-0: Foul Ball, location: 2F
0-1: Ball
1-1: Foul Ball, location: 2F
1-2: Ball
2-2: Ball
3-2: Strikes out swinging
Batting: RHB Ramón Garza 0-0: Called Strike
0-1: Ball
1-1: SINGLE (Groundball, 34S)
Batting: RHB Pedro Cháves 0-0: Called Strike
0-1: Ball
1-1: Ground out U3 (Groundball, 3)
Ramón Garza to second
Batting: RHB Jim Sharry 0-0: Ball
1-0: Ball
2-0: Ball
3-0: Base on Balls
Batting: RHB Joe Lewis 0-0: Swinging Strike
0-1: Foul Ball, location: 2F
0-2: Foul Ball, location: 2F
0-2: SINGLE (Groundball, 34S)
Ramón Garza to third
Jim Sharry to second
Runner from 3rd tries for Home, SAFE, no throw or cutoff
Batting: SHB Andrés Coronado 0-0: Ball
1-0: Foul Ball, location: 2F
1-1: Ball
2-1: Foul Ball, location: 2F
2-2: 3-RUN HOME RUN (Flyball, 8LXD), Distance : 433 ft
Batting: LHB Gus Price 0-0: Ball
1-0: Foul Ball, location: 2F
1-1: Foul Ball, location: 2F
1-2: Ball
2-2: Fly out, F8 (Flyball, 8RS)
Top of the 8th over - 4 run(s), 3 hit(s), 0 error(s), 0 left on base; Rocky Point HS 12 - Bishop Verot HS 7
BOTTOM OF THE 8TH
Bishop Verot HS batting - Pitching for Rocky Point HS Eagles : LHP Keith Burns
Pitching: RHP Emílio Chavarría
Batting: RHB Carlos Sánchez 0-0: Called Strike
0-1: Ball
1-1: Ball
2-1: Called Strike
2-2: Ball
3-2: Base on Balls
Batting: RHB George Lutz 0-0: Ball
1-0: Swinging Strike
1-1: Foul Ball, location: 2F
1-2: Ball
2-2: Foul Ball, location: 2F
2-2: Ball
3-2: Base on Balls
Carlos Sánchez to second
Batting: RHB Carson Allen 0-0: Fly out, F6 (Popup, 6)
Batting: LHB Jim Hall 0-0: Grounds into double play, 4-6-3 (Groundball, 4)
Bottom of the 8th over - 0 run(s), 0 hit(s), 0 error(s), 1 left on base; Rocky Point HS 12 - Bishop Verot HS 7
TOP OF THE 9TH
Rocky Point HS Eagles batting - Pitching for Bishop Verot HS : LHP Tommy Henderson
Pitching: RHP Tim Randell
Batting: RHB Fernando Pagán 0-0: Foul Ball, location: 2F
0-1: Foul Ball, location: 2F
0-2: Ball
1-2: Foul Ball, location: 2F
1-2: Ball
2-2: Strikes out swinging
Batting: RHB Andrew Pinto 0-0: Ground out 6-3 (Groundball, 6)
Batting: RHB Dave Burkholder 0-0: Swinging Strike
0-1: Ball
1-1: Ball
2-1: Ground out 5-3 (Groundball, 6S)
Top of the 9th over - 0 run(s), 0 hit(s), 0 error(s), 0 left on base; Rocky Point HS 12 - Bishop Verot HS 7
BOTTOM OF THE 9TH
Bishop Verot HS batting - Pitching for Rocky Point HS Eagles : RHP Emílio Chavarría
Now at C: Josh Conner
Batting: RHB Chris Seals 0-0: Ground out 5-3 (Groundball, 15S)
Batting: LHB Mitch Morales 0-0: Ball
1-0: Ball
2-0: Called Strike
2-1: Ball
3-1: Fly out, F7 (Flyball, 7LD)
Batting: RHB Bob Fitzgerald 0-0: Swinging Strike
0-1: Ball
1-1: Ball
2-1: Ground out 6-3 (Groundball, 6M)
Bottom of the 9th over - 0 run(s), 0 hit(s), 0 error(s), 0 left on base; Rocky Point HS 12 - Bishop Verot HS 7
Monday, December 5th, 2016 - OOTP Baseball 17.12 Build 75